 Dungeon Crawl Stone Soup version 0.31-a0-965-g8a8ce12e04 (webtiles) character file.

Game seed: 7429215517160602911

259 Ge0ff the Chiller (level 6, 0/47 HPs)
             Began as a Ghoul Ice Elementalist on Oct 26, 2023.
             Slain by an orc
             ... wielding a +0 short sword
              (3 damage)
             ... on level 4 of the Dungeon.
             The game lasted 00:11:36 (3235 turns).

Ge0ff the Chiller (Ghoul Ice Elementalist)          Turns: 3235, Time: 00:11:36

Health: 0/47       AC:  2    Str: 12    XL:     6   Next: 17%
Magic:  2/9        EV: 12    Int: 12    God:
Gold:   184        SH:  0    Dex:  9    Spells: 5/11 levels left

rFire   . . .        a - +0 spear
rCold   + . .        (no shield)
rNeg    + + +        S - +0 robe
rPois   ∞            (no helmet)
rElec   .            (no cloak)
rCorr   .            (no gloves)
SInv    .            (no boots)
Will    .....        (no amulet)
Stlth   ++           Q - +4 ring of slaying
HPRegen 0.00/turn    (no ring)
MPRegen 0.11/turn

%: no passive effects
@: very slightly contaminated, inhibited regen
A: claws 1, cold resistance 1, negative energy resistance 3, inhibited
regeneration, torment resistance 2, devour on kill
a: no special abilities


You were on level 4 of the Dungeon.
You visited 1 branch of the dungeon, and saw 4 of its levels.

You collected 184 gold pieces.

Inventory:

Hand Weapons
 a - a +0 spear (weapon)
Missiles
 L - 58 stones
 P - 6 boomerangs
Armour
 K - a +8 chain mail of ponderousness
 N - a +0 plate armour
 O - a +0 leather armour
 S - a +0 robe (worn)
 W - an orb of energy
Jewellery
 Q - a +4 ring of slaying (left claw)
Wands
 p - a wand of paralysis (11)
Scrolls
 C - 2 scrolls of poison
 G - a scroll of fear {unknown}
 I - a scroll of brand weapon {unknown}
 R - a scroll of vulnerability {unknown}
 T - a scroll of immolation {unknown}
 U - a scroll of butterflies {unknown}
 Y - a scroll of amnesia {unknown}
Potions
 F - a potion of attraction {unknown}
 H - a potion of berserk rage {unknown}
 J - a potion of lignification {unknown}
 M - a potion of mutation {unknown}
 V - a potion of resistance {unknown}
 X - 2 potions of haste {unknown}


   Skills:
 - Level 1.0 Fighting
 - Level 1.7 Dodging
 - Level 2.1 Stealth
 - Level 3.0 Spellcasting
 + Level 2.3 Conjurations
 + Level 6.2 Ice Magic


You had 5 spell levels left.
You knew the following spells:

 Your Spells              Type           Power      Damage    Failure   Level
j - Searing Ray           Conj           14%        2d5       14%         2
k - Freeze                Ice            64%        1d7       1%          1
s - Frozen Ramparts       Ice            32%        1d5       6%          3

Your spell library contained the following spells:

 Spells                   Type           Power      Damage    Failure   Level
 Ozocubu's Armour         Ice            16%        N/A       6%          3
 Magic Dart               Conj           28%        1d4       10%         1
 Cigotuvi's Dreadful Rot  Necr/Pois/Air  2%         N/A       36%         2
 Summon Ice Beast         Ice/Summ       9%         N/A       56%         4
 Fulminant Prism          Conj/Hex       2%         3d5       83%         4


Dungeon Overview and Level Annotations

Branches:
Dungeon (4/15) Zot: 20761
 Temple: D:4-7

Altars:

Shops:
D:1 [


Innate Abilities, Weirdness & Mutations

You are immune to poison.
You have sharp fingernails.
Your flesh is cold resistant. (rC+)
You are immune to negative energy. (rN+++)
You do not regenerate when monsters are visible.
You are immune to unholy pain and torment.
You thrive by killing the living.


Message History

You feel better.
The phantom completely resists.
The wall freezes the phantom but does no damage.
You hit the phantom.
The phantom is moderately damaged.
The phantom completely resists.
The wall freezes the phantom but does no damage.
The phantom hits you but does no damage.
You hit the phantom.
The phantom is heavily damaged.
The wall freezes the orc.
The phantom resists.
The wall freezes the phantom.
The phantom hits you!
The phantom blinks!
You blink.
The frozen ramparts melt away as you move.
As you read the scroll labelled EROLOI PUSIAF, it crumbles to dust.
You hear a loud clanging noise!
It was a scroll of noise.
You hear an angry hiss.
You hear a shout! x3
The phantom hits you.
* * * LOW HITPOINT WARNING * * *
The orc wizard gestures at you while chanting.
The magic dart hits you.
* * * LOW HITPOINT WARNING * * *
You feel better. The orc hits you with a +0 dagger.
The phantom completely misses you. The orc hits you with a +0 short sword.
* * * LOW HITPOINT WARNING * * *
The phantom attacks as it pursues you!
The phantom hits you but does no damage.
The orc attacks as it pursues you! The orc hits you with a +0 dagger.
* * * LOW HITPOINT WARNING * * *
The phantom attacks as it pursues you! The phantom closely misses you.
The orc wizard mumbles some strange words.
The orc wizard flickers and vanishes!
Deactivating autopickup; reactivate with Ctrl-A.
The orc closely misses you. The orc barely misses you.
The orc attacks as it pursues you! The orc hits you with a +0 short sword.
* * * LOW HITPOINT WARNING * * *
The orc attacks as it pursues you! The orc hits you with a +0 hand axe.
* * * LOW HITPOINT WARNING * * *
Things that are here:
a +0 dagger; a kobold corpse The orc hits you with a +0 short sword.
* * * LOW HITPOINT WARNING * * *
Casting: Frozen Ramparts (dangerous; 6% risk of failure)
Confirm with . or Enter, or press ? or * to list all spells.
Casting: Frozen Ramparts (dangerous; 6% risk of failure)
Press: ? - help, Dir - look around, f - activate You miscast Frozen Ramparts.
You are very lightly contaminated with residual magic.
Nothing appears to happen.
The orc hits you with a +0 short sword.
You die...

#..........#
#..........#
#..........#
###>.........# .
.............#####...#
.#
####+#o....†.)........
....
#..#.#)###########...#
#...####..#..Wo# #
+...........##@#
#.........####.#
#........####.#
#.....>........
#.#)....#####.# #
###...#####.#
#..<........#
#....########
.........


You could see a phantom and 2 orcs.

Vanquished Creatures
  A scorpion (D:3)
  A jelly (D:4)
  Jessica (D:2)
  Terence (D:2)
  A gnoll (D:1)
  3 adders
  2 worms (D:3)
  3 dart slugs (D:1)
  2 orcs
  6 ball pythons
  7 endoplasms
  4 giant cockroaches
  5 goblins
  4 hobgoblins (D:1)
  4 jackals (D:1)
  5 kobolds
  5 quokkas
  6 bats
  3 frilled lizards
  3 rats
67 creatures vanquished.

Notes
Turn   | Place    | Note
-------+----------+-------------------------------------------
     0 | D:1      | Ge0ff the Ghoul Ice Elementalist began the quest for the
                  | Orb.
     0 | D:1      | Reached XP level 1. HP: 14/14 MP: 2/2
   160 | D:1      | Reached skill level 1 in Fighting
   160 | D:1      | Reached XP level 2. HP: 23/23 MP: 2/4
   268 | D:1      | Found Goily's Armour Shoppe.
   412 | D:1      | Reached XP level 3. HP: 21/28 MP: 0/6
   518 | D:2      | Identified the "Iplemag"
   576 | D:1      | Found a faded altar of an unknown god.
  1103 | D:2      | Learned a level 3 spell: Frozen Ramparts
  1221 | D:2      | Reached XP level 4. HP: 34/35 MP: 5/7
  1257 | D:2      | Reached skill level 5 in Ice Magic
  1316 | D:2      | Learned a level 2 spell: Searing Ray
  1902 | D:2      | Noticed Terence
  1907 | D:2      | Noticed Jessica
  1909 | D:2      | Killed Terence
  1914 | D:2      | Killed Jessica
  1915 | D:2      | Reached skill level 1 in Conjurations
  1915 | D:2      | Reached XP level 5. HP: 14/40 MP: 3/8
  2861 | D:3      | Reached skill level 6 in Ice Magic
  2861 | D:3      | Reached XP level 6. HP: 28/47 MP: 1/9
  3235 | D:4      | Slain by an orc

Illustrated notes

Levels and vault maps discovered:
D:1:      minmay_arrival_shattered_statue, layout_rooms, serial_shops, shop,
          shapermc_ecumenical_altar_flowoftime
D:2:      layout_basic, hangedman_decor_slide_cut, kennysheep_jessica_study,
          uniq_terence
D:3:      layout_basic
D:4:      cheibrodos_pilgrimage, layout_basic

Skill      XL: |  1  2  3  4  5 |
---------------+----------------+-----
Spellcasting   | 2 3 |  3.0
Fighting       | 1 |  1.0
Ice Magic      | 5 6 |  6.2
Conjurations   | 1 2 |  2.3
Dodging        | |  1.7
Stealth        | |  2.1

Action                     |  1- 3 |  4- 6 || total
---------------------------+-------+-------++-------
  Melee: Unarmed           |    60 |     4 ||    64
         Spear             |       |    43 ||    43
   Cast: Freeze            |    38 |    16 ||    54
         Frozen Ramparts   |       |    17 ||    17
    Use: Potion            |       |     2 ||     2
         Scroll            |       |     3 ||     3
   Stab: Sleeping          |     1 |     2 ||     3
 Armour: Robe              |    36 |    53 ||    89
  Dodge: Dodged            |    42 |    41 ||    83

Table legend: (Time is in decaauts)
 A = Elapsed time spent in this place.
 B = Non-inter-level travel time spent in this place.
 C = Inter-level travel time spent in this place.
 D = Time resting spent in this place.
 E = Time spent auto-exploring this place.
 F = Levels seen in this place.
 G = Mean time per level.
                   A        B        C        D        E       F      G
               +--------+--------+--------+--------+--------+-----+--------+
         Total |   3237 |   3172 |     65 |    173 |   2203 |   4 |  809.2 |
       Dungeon |   3237 |   3172 |     65 |    173 |   2203 |   4 |  809.2 |
               +--------+--------+--------+--------+--------+-----+--------+

Top non-repeatable levels by time:
     D:2: 1192 daAuts
     D:1: 1026 daAuts
     D:3: 935 daAuts
     D:4: 83 daAuts
